 Dungeon Crawl Stone Soup version 0.14.0-17-gc0b17a5 (webtiles) character file.

162 staplegun the Practitioner (level 4, 0/37 HPs)
             Began as a Deep Dwarf Healer on Apr 18, 2014.
             Was a Believer of Elyvilon.
             Slain by Crazy Yiuf
             ... wielding a +3,+4 quarterstaff of chaos
              (3 damage)
             ... on Level 3 of the Dungeon.
             The game lasted 00:05:23 (1450 turns).

staplegun the Practitioner (Deep Dwarf Healer)      Turns: 1450, Time: 00:05:23

HP   0/37        AC  8     Str 16      XL: 4   Next: 24%
MP   1/10        EV  6     Int 13      God: Elyvilon [**....]
Gold 78          SH  0     Dex 12      Spells:  0 memorised,  3 levels left

rFire  . . .     SeeInvis .     (no weapon)
rCold  . . .     Clarity  .     g - +0 chain mail
rNeg   . . .     Conserve .     (no shield)
rPois  .         rCorr    .     (no helmet)
rElec  .         rRot     .     (no cloak)
SustAb . .       Spirit   .     (no gloves)
rMut   .         Warding  .     (no boots)
Saprov . . .     Stasis   .     (no amulet)
MR     .....                    (no ring)
                                (no ring)

@: non-regenerating, lethally poisoned, very slightly contaminated, hasted, very
quick, not resistant to hostile enchantments, extremely unstealthy
A: damage resistance, recharge devices, sense surroundings 1, slow healing 3
a: Device Recharging, Lesser Healing, Lesser Self-Healing, Divine Protection,
Purification, Renounce Religion


You were on level 3 of the Dungeon.
You worshipped Elyvilon.
Elyvilon was pleased with you.
You were not hungry.

You visited 1 branch of the dungeon, and saw 4 of its levels.

You collected 78 gold pieces.

Inventory:

Armour
 a - a +1 robe
 g - a +0 chain mail (worn)
Magical devices
 d - a wand of heal wounds (0)
Comestibles
 f - a bread ration
Scrolls
 c - 2 scrolls of blinking
 e - 2 scrolls of teleportation
 j - 2 scrolls of identify {unknown}
 k - 3 scrolls of enchant weapon II {unknown}
 l - a scroll of enchant weapon I {unknown}
 m - a scroll of immolation {unknown}
 n - a scroll of magic mapping {unknown}
Potions
 b - 3 potions of curing
 h - a potion of might {unknown}
 i - a potion of confusion {unknown}


   Skills:
 - Level 0.8 Fighting
 - Level 2.1 Dodging
 + Level 6.5 Invocations


You had 3 spell levels left.
You didn't know any spells.

Dungeon Overview and Level Annotations

Branches:
Dungeon (4/15)
 Temple: D:4-7

Altars:
Trog

Annotations:
D:3 Crazy Yiuf
D:4 Pikel


Innate Abilities, Weirdness & Mutations

You are resistant to damage.
You can recharge devices by infusing magical energy.
You passively map a small area around you.
You do not heal naturally.


Message History

You hit the fungus.
The fungus is lightly damaged.
Crazy Yiuf hits you with a quarterstaff of chaos.
* * * LOW HITPOINT WARNING * * *
You are poisoned.
You hit Crazy Yiuf but do no damage. You hit Crazy Yiuf but do no damage.
Crazy Yiuf hits you with a quarterstaff of chaos!
* * * LOW HITPOINT WARNING * * *
You hit Crazy Yiuf but do no damage.
Crazy Yiuf cries, "You leg down broken song, no?"
Crazy Yiuf hits you but does no damage.
You feel yourself speed up.
You are very lightly contaminated with residual magic.
You hit Crazy Yiuf but do no damage.
Crazy Yiuf hits you with a quarterstaff of chaos.
* * * LOW HITPOINT WARNING * * *
You hit Crazy Yiuf.
Crazy Yiuf is lightly wounded.
Crazy Yiuf hits you with a quarterstaff of chaos.
You die...

#############
##...........#
#...########.#
##..## #.#
*##....## #.#
♣♣ff.f♣♣ #.#
♣♣)f@♣♣♣ #.#
♣♣♣g♣♣♣♣
#.######
*♣♣.♣♣♣♣*
#.......
*♣♣♣.♣♣ *
#.......
♣♣♣.♣♣*
####.......
♣♣.♣*
*##..'.......
* *#)#
#..##....... *
* ,.. *
#.###....... *
* * ..# *###
#.......


You could see Crazy Yiuf.

Vanquished Creatures
  An orc (D:4)
  3 giant cockroaches (D:3)
  3 goblins
  2 hobgoblins
  2 kobolds
  2 bats (D:1)
  2 giant newts
  A quokka (D:3)
  6 rats
22 creatures vanquished.

Vanquished Creatures (others)
  A jackal (D:1)
  A goblin (D:4)
2 creatures vanquished.

Grand Total: 24 creatures vanquished

Notes
Turn   | Place    | Note
--------------------------------------------------------------
     0 | D:1      | staplegun, the Deep Dwarf Healer, began the quest for the Orb.
     0 | D:1      | Reached XP level 1. HP: 16/16 MP: 2/2
   131 | D:1      | Reached skill level 4 in Invocations
   262 | D:1      | Reached XP level 2. HP: 16/24 MP: 4/4
   557 | D:3      | Noticed Jessica
   559 | D:3      | Pacified Jessica
   559 | D:3      | Reached skill level 5 in Invocations
   590 | D:3      | Reached XP level 3. HP: 28/30 MP: 6/6
   807 | D:3      | Found a bloodstained altar of Trog.
   811 | D:4      | Noticed a slave
   813 | D:4      | Noticed a slave
   814 | D:4      | Noticed a slave
   959 | D:4      | Reached skill level 6 in Invocations
  1124 | D:4      | Reached XP level 4. HP: 37/37 MP: 9/9
  1243 | D:4      | Noticed Pikel
  1243 | D:4      | Noticed a slave
  1434 | D:3      | Noticed Crazy Yiuf
  1450 | D:3      | Slain by Crazy Yiuf

Action                   |  1- 3 |  4- 6 || total
-------------------------+-------+-------++-------
Melee: Unarmed           |   250 |    93 ||   343
Invok: Lesser Healing    |    23 |    28 ||    51
Evoke: Wand              |     3 |     2 ||     5
  Use: Potion            |     1 |       ||     1
       Scroll            |       |     2 ||     2
